 Dungeon Crawl Stone Soup version 0.29-a0-410-g9596d59a08 (webtiles) character file.

Game seed: 4736236851678895980

40 Ge0ff the Cudgeller (level 3, -1/23 HPs)
             Began as a Gargoyle Monk on May 14, 2022.
             Was a Believer of Okawaru.
             Slain by a goblin
             ... wielding a +0 dagger
             ... led by Robin
              (3 damage)
             ... on level 3 of the Dungeon.
             The game lasted 00:02:19 (1259 turns).

Ge0ff the Cudgeller (Gargoyle Monk)                 Turns: 1259, Time: 00:02:20

Health: -1/23      AC:  9    Str: 16    XL:     3   Next: 50%
Magic:  3/3        EV: 10    Int: 10    God:    Okawaru [**....]
Gold:   46         SH:  0    Dex: 18    Spells: 2/2 levels left

rFire   . . .      SeeInvis .   a - +0 mace
rCold   . . .      Faith    .   (no shield)
rNeg    + . .      Spirit   .   s - +0 scale mail
rPois   ∞          Reflect  .   (no helmet)
rElec   +          Harm     .   (no cloak)
rCorr   .          Rampage  .   (no gloves)
Will    .....                   (no boots)
Stlth   +.........              (no amulet)
HPRegen 0.07/turn               P - +6 ring of dexterity
MPRegen 0.08/turn               (no ring)

@: no status effects
A: sickness immunity, AC +3, negative energy resistance 1, electricity
resistance, torment resistance 1, petrification resistance
a: Renounce Religion, Heroism


You were on level 3 of the Dungeon.
You worshipped Okawaru.
Okawaru was pleased with you.
You visited 1 branch of the dungeon, and saw 3 of its levels.

You collected 46 gold pieces.

Inventory:

Hand Weapons
 a - a +0 mace (weapon)
Missiles
 v - 6 curare-tipped darts (quivered) {=F}
Armour
 b - a +0 robe
 s - a +0 scale mail (worn)
Jewellery
 r - a ring of flight
 N - a ring of fire
 P - a +6 ring of dexterity (left hand)
Scrolls
 y - a scroll of immolation
Potions
 o - a potion of ambrosia
 L - 3 potions of lignification
 M - 2 potions of might
 O - a potion of flight {unknown}


   Skills:
 - Level 3.2 Fighting
 + Level 4.2 Maces & Flails
 - Level 1.0 Armour
 - Level 2.4 Dodging
 - Level 2.1 Stealth


You had 2 spell levels left.
You didn't know any spells.
Your spell library was empty.

Dungeon Overview and Level Annotations

Branches:
Dungeon (3/15)

Altars:
Okawaru


Innate Abilities, Weirdness & Mutations

You are immune to sickness and miasma.
Your stone body is resilient. (AC +3)
You are immune to poison.
You resist negative energy. (rN+)
You are resistant to electric shocks. (rElec)
You are resistant to unholy torment.
You are immune to petrification.


Message History

The goblin shouts! x2
A goblin comes into view. It is wielding a +0 club.
A hobgoblin comes into view.
The goblin shouts!
The goblin hits you with a +0 club.
The hobgoblin moves out of view.
A goblin comes into view. It is wielding a +0 club.
The goblin shouts!
The goblin hits you but does no damage.
You barely miss the goblin. The goblin hits you but does no damage.
The goblin closely misses you. The goblin hits you but does no damage.
The goblin closely misses you.
The goblin hits you but does no damage. x2
The goblin attacks as you move away! The goblin hits you but does no damage.
The goblin attacks as you move away!
The goblin hits you but does no damage. x2
The goblin attacks as you move away! The goblin barely misses you.
The goblin attacks as you move away! The goblin hits you with a +0 club.
What are your orders? t - Shout!
Orders for allies: a - Attack new target. r - Retreat! s - Stop attacking. g - Guard the area. f - Follow me.
Anything else - Cancel.
You shout for attention!
You hear a shout! x2
The goblin hits you but does no damage. The goblin closely misses you.
The goblin completely misses you. The goblin hits you with a +0 club.
The goblin barely misses you. x2
The goblin closely misses you. The goblin hits you but does no damage.
The goblin barely misses you. The goblin attacks as you move away!
The goblin barely misses you. The goblin hits you but does no damage.
The goblin hits you with a +0 club. The goblin hits you but does no damage.
The goblin attacks as you move away! The goblin hits you but does no damage.
Found a yellow potion.
The goblin barely misses you. The goblin attacks as you move away!
The goblin closely misses you. The goblin hits you with a +0 club.
You hit the goblin but do no damage. The goblin hits you but does no damage.
The goblin closely misses you. The goblin hits you but does no damage.
The goblin barely misses you. The goblin hits you but does no damage.
The goblin hits you with a +0 club.
The goblin hits you but does no damage. x2
The goblin attacks as you move away! The goblin hits you with a +0 dagger.
The goblin attacks as you move away! The goblin completely misses you.
The goblin attacks as you move away! The goblin hits you with a +0 club.
* * * LOW HITPOINT WARNING * * *
The goblin hits you but does no damage. The goblin hits you with a +0 dagger.
* * * LOW HITPOINT WARNING * * *
The goblin hits you with a +0 dagger.
* * * LOW HITPOINT WARNING * * *
The goblin attacks as you move away! The goblin hits you but does no damage.
The goblin closely misses you. The goblin hits you but does no damage.
The goblin hits you with a +0 dagger.
You die...

#.. ... ## #.# .##
#.# ..###.##
#.##...## ####
#.#.<.gg##...
#.....ggg#.###
###.....ggg@...#
#.......ggg#.#..!..
#.#.#.....##.# #.#
#........## .#
#...#.#.## ..
#..##.### ##
#...... g.#g###.#
...#.. .#


You could see a hobgoblin and 10 goblins.

Vanquished Creatures
  An adder (D:2)
  An orc (D:2)
  2 endoplasms
  A giant cockroach (D:1)
  6 goblins
  2 hobgoblins (D:1)
  3 jackals (D:2)
  2 quokkas (D:1)
  5 ball pythons
  A kobold (D:1)
  2 rats (D:1)
26 creatures vanquished.

Notes
Turn   | Place    | Note
-------+----------+-------------------------------------------
     0 | D:1      | Ge0ff the Gargoyle Monk began the quest for the Orb.
     0 | D:1      | Reached XP level 1. HP: 14/14 MP: 1/1
   147 | D:1      | Reached XP level 2. HP: 15/19 MP: 2/2
   909 | D:2      | Reached skill level 4 in Maces & Flails
   909 | D:2      | Reached skill level 1 in Armour
   909 | D:2      | Reached XP level 3. HP: 20/23 MP: 3/3
  1201 | D:2      | Found a faded altar of an unknown god.
  1214 | D:2      | Prayed at the altar of an unknown god.
  1214 | D:2      | Became a worshipper of Warmaster Okawaru
  1214 | D:2      | Reached * piety under Okawaru
  1214 | D:2      | Reached ** piety under Okawaru
  1259 | D:3      | Slain by a goblin

Illustrated notes

Levels and vault maps discovered:
D:1:      lightli_arrival_maybe_door_vault, layout_rooms
D:2:      layout_loops_ring, ebering_ecumenical_altar_rust
D:3:      minmay_recursive_quarters, layout_loops_cross, hex_large, uniq_robin

Skill      XL: |  1  2 |
---------------+-------+-----
Maces & Flails | 4 |  4.2
Armour         | 1 |  1.0
Fighting       | |  3.2
Dodging        | |  2.4
Stealth        | |  2.1

Action                   || total
-------------------------++-------
Melee: Mace              ||    81
       Punch             ||     1
Throw: Dart              ||     1
  Use: Scroll            ||     5
Armor: Robe              ||     9
       Scale mail        ||    40
Dodge: Dodged            ||    65

Table legend: (Time is in decaauts)
 A = Elapsed time spent in this place.
 B = Non-inter-level travel time spent in this place.
 C = Inter-level travel time spent in this place.
 D = Time resting spent in this place.
 E = Time spent auto-exploring this place.
 F = Levels seen in this place.
 G = Mean time per level.
                   A        B        C        D        E       F      G
               +--------+--------+--------+--------+--------+-----+--------+
         Total |   1275 |   1251 |     24 |    160 |    771 |   3 |  425.0 |
       Dungeon |   1275 |   1251 |     24 |    160 |    771 |   3 |  425.0 |
               +--------+--------+--------+--------+--------+-----+--------+

Top non-repeatable levels by time:
     D:1: 822 daAuts
     D:2: 427 daAuts
     D:3: 26 daAuts
